 Dungeon Crawl Stone Soup version 0.30.1 (webtiles) character file.

Game seed: 2009030125816600066

46 javelincjr the Caller (level 3, 0/24 HPs)
             Began as a Demonspawn Summoner on July 13, 2023.
             Slain by an adder (2 damage)
             ... on level 2 of the Dungeon.
             The game lasted 00:07:20 (1374 turns).

javelincjr the Caller (Demonspawn Summoner)         Turns: 1374, Time: 00:07:21

Health: 0/24       AC:  2    Str:  8    XL:     3   Next: 46%
Magic:  4/6        EV: 12    Int: 18    God:
Gold:   64         SH:  0    Dex: 13    Spells: 3/6 levels left

rFire   . . .        i - +0 spear
rCold   . . .        (no shield)
rNeg    . . .        a - +0 robe
rPois   .            (no helmet)
rElec   .            (no cloak)
rCorr   .            (no gloves)
SInv    .            (no boots)
Will    .....        (no amulet)
Stlth   ++           (no ring)
HPRegen 0.24/turn    (no ring)
MPRegen 0.10/turn

%: no passive effects
@: lethally poisoned (0 -> -4), flying
A: demonic guardian 1
a: no special abilities


You were on level 2 of the Dungeon.
You visited 1 branch of the dungeon, and saw 2 of its levels.

You collected 64 gold pieces.

Inventory:

Hand Weapons
 i - a +0 spear (weapon)
Missiles
 h - a throwing net
Armour
 a - a +0 robe (worn)
Scrolls
 e - a scroll of teleportation {unknown}
 g - a scroll of silence {unknown}
 j - a scroll of amnesia {unknown}
Potions
 b - a potion of magic
 d - a potion of flight
 f - a potion of haste {unknown}


   Skills:
 + Level 2.3 Dodging
 + Level 2.4 Stealth
 + Level 2.4 Spellcasting
 + Level 4.3 Summonings


You had 3 spell levels left.
You knew the following spells:

 Your Spells              Type           Power      Damage    Failure   Level
a - Summon Small Mammal   Summ           68%        N/A       3%          1
b - Call Imp              Summ           34%        N/A       4%          2

Your spell library contained the following spells:

 Spells                   Type           Power      Damage    Failure   Level
 Call Canine Familiar     Summ           17%        N/A       9%          3
 Summon Guardian Golem    Hex/Summ       9%         N/A       22%         3
 Summon Lightning Spire   Summ/Air       9%         N/A       56%         4


Dungeon Overview and Level Annotations

Branches:
Dungeon (2/15)

Altars:


Innate Abilities, Weirdness & Mutations

A weak demonic guardian rushes to your aid.


Message History

The adder dies!
The adder attacks as you move away! The adder bites you.
You feel sick.
You feel sick. The adder closely misses you.
You feel sick.
Your rat barely misses the adder.
There is a stone staircase leading up here.
You miss the adder.
You feel sick. The adder bites you.
You are too injured to fight recklessly!
You are too injured to fight recklessly!
You hit the adder but do no damage.
You feel sick.
You are no longer poisoned.
The adder misses you.
Your rat bites the adder.
Your cerulean imp hits the adder from afar with a -3 spear.
The adder barely misses you.
You barely miss the adder.
The adder is heavily wounded.
Your rat completely misses the adder.
The adder bites you.
You are poisoned.
The adder poisons you!
Your cerulean imp misses the adder.
You closely miss the adder.
The adder is heavily wounded.
You feel sick. The adder bites you.
* * * LOW HITPOINT WARNING * * *
You are lethally poisoned!
The adder poisons you!
Your rat bites the adder.
Your cerulean imp hits the adder from afar with a -3 spear.
You barely miss the adder.
The adder is almost dead.
* * * LOW HITPOINT WARNING * * *
You feel sick. The adder closely misses you.
Your rat completely misses the adder.
Your cerulean imp completely misses the adder.
The adder completely misses you.
You barely miss the adder.
The adder is almost dead.
* * * LOW HITPOINT WARNING * * *
You feel sick.
Your cerulean imp disappears in a puff of smoke!
Your rat bites the adder but does no damage.
The adder bites you.
You die...

#############
##@#.#.#.#.#.#
#.S..........
##r#.#.#.#.#
#..§........
#######†#†#.#.#.#.#.
.........5..........
.#######.#.#.#.#.#.#.
###..............##
.....#####.#####.#


You could see an adder (ally target) and a friendly rat (summoned).

Vanquished Creatures
  2 endoplasms
  A bat (D:2)
  A kobold (D:1)
  3 rats
7 creatures vanquished.

Vanquished Creatures (collateral kills)
  2 adders (D:2)
  A bat (D:2)
  3 endoplasms (D:1)
  3 giant cockroaches
  A goblin (D:1)
  A hobgoblin (D:1)
  2 jackals (D:1)
  A quokka (D:1)
  2 ball pythons (D:1)
  A frilled lizard (D:1)
  A kobold (D:1)
  2 rats (D:1)
20 creatures vanquished.

Grand Total: 27 creatures vanquished

Notes
Turn   | Place    | Note
-------+----------+-------------------------------------------
     0 | D:1      | javelincjr the Demonspawn Summoner began the quest for the
                  | Orb.
     0 | D:1      | Reached XP level 1. HP: 13/13 MP: 3/3
   304 | D:1      | Gained mutation: A weak demonic guardian rushes to your
                  | aid. [demonic ancestry]
   304 | D:1      | Reached XP level 2. HP: 19/19 MP: 1/5
   607 | D:1      | Learned a level 2 spell: Call Imp
  1205 | D:2      | Reached XP level 3. HP: 19/24 MP: 1/6
  1374 | D:2      | Slain by an adder

Illustrated notes

Levels and vault maps discovered:
D:1:      minmay_arrival_up_and_down, layout_basic
D:2:      minmay_spotlight, layout_loops_ring, st_stairs_12

Skill      XL: |  1 |
---------------+----+-----
Stealth        | 2 |  2.4
Dodging        | 2 |  2.3
Spellcasting   | |  2.4
Summonings     | |  4.3

Action                     || total
---------------------------++-------
  Melee: Unarmed           ||    33
         Punch             ||     1
         Spear             ||    20
   Cast: Summon Small Mamm ||    43
         Call Imp          ||     8
    Use: Potion            ||     2
   Stab: Distracted        ||     2
         Sleeping          ||     1
 Armour: Robe              ||     9
  Dodge: Dodged            ||    28
